Map: Cañón atribulado

Players

MrFercho

  • Race: Zerg Zerg
  • League: Silver
  • Spawn Location: 12:00

TATORREA

  • Race: Protoss Protoss
  • League: Silver
  • Spawn Location: 12:00

tigro

  • Race: Terran Terran
  • League: Bronze
  • Spawn Location: 3:00

hoop

  • Race: Protoss Protoss
  • Spawn Location: 7:00

Wombatron

  • Race: Protoss Protoss
  • Spawn Location: 6:00

skywalkerel

  • Race: Terran Terran
  • Spawn Location: 6:00

VOD

Have the link to the VOD?

Description

Time

  • Played on: June 25, 2020, 8:26 p.m.
  • Length: 3:05
Show
View Real Time Build Order
Export as new Build Order

MrFercho Zerg 

Build Orders: Hatch First 

Get SALT Encoding   

  12  0:03  Drone  
  13  0:14  Overlord  
  13  0:24  Drone  
  14  0:32  Drone x2  
  16  0:55  Hatchery  
  15  0:57  Drone  
  15  1:00  Drone  
  15  1:02  Drone  
  18  1:19  Spawning Pool  
  18  1:22  Extractor, Drone  
  17  1:32  Overlord  
  17  1:49  Drone x2  
  17  1:52  Drone  
  20  2:15  Zergling x2  
  20  2:16  Zergling x4  
  23  2:29  Overlord x2  
  23  2:34  Zergling x2  
Show
View Real Time Build Order
Export as new Build Order

TATORREA Protoss 

Build Orders:  

Get SALT Encoding   

  12  0:03  Probe  
  13  0:15  Probe  
  13  0:20  Pylon  
  14  0:27  Probe  
  15  0:39  Probe  
  16  0:44  Gateway  
  16  0:51  Probe  
  17  1:08  Probe  
  18  1:20  Probe  
  19  1:47  Probe  
  20  2:00  Assimilator  
  20  2:04  Pylon, Cybernetics Core  
  20  2:06  Pylon  
  20  2:08  Assimilator  
  19  2:27  Zealot  
  21  2:30  Probe  
  22  2:42  Probe  
Show
View Real Time Build Order
Export as new Build Order

tigro Terran 

Build Orders:  

Get SALT Encoding   

  12  0:11  SCV  
  13  0:23  Supply Depot, SCV  
  14  0:35  SCV  
  15  0:38  Refinery  
  15  0:47  SCV  
  16  0:50  Barracks  
  16  1:13  SCV  
  17  1:20  Refinery  
  17  1:25  SCV  
  18  1:38  SCV  
  19  1:50  SCV  
  19  1:51  Marine  
  21  1:58  Barracks  
  21  2:02  SCV  
  22  2:08  Marine  
  17  2:26  Marine  
  3  2:44  Marine  
Show
View Real Time Build Order
Export as new Build Order

hoop Protoss 

Build Orders:  

Get SALT Encoding   

  12  0:03  Probe  
  13  0:15  Probe  
  14  0:26  Pylon  
  14  0:27  Probe  
  15  0:36  Assimilator  
  15  0:44  Probe  
  16  0:55  Gateway  
  16  0:56  Probe  
  17  1:08  Probe  
  17  1:10  Assimilator  
  18  1:18  Pylon  
  18  1:21  Probe  
  19  1:32  Pylon  
  19  1:33  Probe  
  20  1:45  Probe  
  21  2:41  Cybernetics Core  
  21  2:43  Forge  
  21  2:45  Probe  
  22  3:01  Nexus  
  22  3:02  Pylon  
Show
View Real Time Build Order
Export as new Build Order

Wombatron Protoss 

Build Orders: Cannon Rush 

Get SALT Encoding   

  12  0:03  Probe  
  13  0:20  Probe  
  14  0:23  Pylon  
  14  0:32  Probe  
  15  0:46  Forge  
  15  0:49  Probe  
  16  1:01  Probe  
  17  1:05  Pylon  
  17  1:20  Pylon  
  17  1:31  Photon Cannon  
  17  1:42  Photon Cannon  
  17  1:44  Photon Cannon  
  17  1:53  Pylon  
  17  2:00  Photon Cannon  
  17  2:04  Probe  
  18  2:16  Probe  
  18  2:17  Photon Cannon  
  19  2:27  Photon Cannon  
  19  2:28  Probe  
  20  2:40  Probe  
  20  2:44  Pylon  
  21  3:02  Photon Cannon  
  21  3:03  Photon Cannon  
Show
View Real Time Build Order
Export as new Build Order

skywalkerel Terran 

Build Orders:  

Get SALT Encoding   

  12  0:06  SCV  
  13  0:14  Supply Depot  
  13  0:19  SCV  
  14  0:34  SCV  
  15  0:46  SCV  
  16  0:55  Refinery  
  16  0:58  SCV  
  17  1:09  Barracks  
  17  1:10  SCV  
  18  1:22  SCV  
  19  1:36  SCV  
  20  1:43  Command Center  
  20  1:45  Supply Depot  
  20  1:49  SCV  
  21  1:59  Barracks Reactor  
  21  2:03  SCV  
  21  2:05  Refinery  
  22  2:15  SCV  
  23  2:27  Supply Depot, SCV  
  24  2:35  Factory  
  24  2:39  Marine x2  
  26  2:56  Refinery  
Tags
 
Add a new tag
Caveats
  • Supply blocks, unpowered buildings, or Contaminate may cause inaccurate times.
  • Supply counts are checked every 10 seconds.